 Dungeon Sprint DCSS version 0.31.0-12-g77e489cdc1 (webtiles) character file.

Game seed: 15047576213283298059

17656 Heoruswealwe the Phalangite (level 12, -1/130 HPs)
             Began as a Minotaur Fighter on Feb 15, 2024.
             Was an Initiate of Gozag.
             Incinerated by a deep elf pyromancer (6 damage)
             ... with a pyre arrow
             ... in the Dungeon (Sprint IX: "|||||||||||||||||||||||||||||").
             The game lasted 00:23:44 (2952 turns).

Heoruswealwe the Phalangite (Minotaur Fighter)      Turns: 2952, Time: 00:23:45

Health: -1/130     AC: 28    Str: 31    XL:     12   Next: 20%
Magic:  21/21      EV: 13    Int: 10    God:    Gozag
Gold:   2029       SH:  0    Dex: 10    Spells: 11/11 levels left

rFire   + . .        b - +4 bardiche
rCold   + . .        (shield currently unavailable)
rNeg    . . .        c - +0 plate armour
rPois   .            g - +3 hat of Pondering {ponderous, Will+ MP+10 Int+5}
rElec   .            h - scarf {rC+ rF+}
rCorr   .            f - +1 pair of gloves {Str+3}
SInv    .            e - +2 pair of boots of Gravitas {Str+2}
Will    +....        (no amulet) Stlth
                     k - +2 ring of evasion
HPRegen 0.41/turn    j - +2 ring of evasion
MPRegen 0.17/turn

%: no teleportation
@: confused, on fire, ambrosia-drunk, gold aura, glowing, slow
A: horns 2, retaliatory headbutt
a: Renounce Religion, Potion Petition, Call Merchant, Bribe Branch


You were in the Dungeon.
You worshipped Gozag.
Gozag was most pleased with you.
You visited 1 branch You collected 8102 gold pieces.
You spent 1369 gold pieces at shops.
You paid 4704 gold pieces to Gozag.

Inventory:

Hand Weapons
 a - a +0 trident
 b - a +4 bardiche (weapon)
Armour
 c - a +0 plate armour (worn)
 d - a +1 tower shield
 e - the +2 pair of boots of Gravitas (worn) {Str+2}
   (You found it in the Dungeon)

   Str+2:     It affects your strength (+2).
 f - a +1 pair of gloves of strength (worn)
 g - the +3 hat of Pondering (worn) {ponderous, Will+ MP+10 Int+5}
   (You bought it in a shop in the Dungeon)

   Int+5:     It affects your intelligence (+5).
   Will+:     It increases your willpower.
   MP+10:     It affects your magic capacity (+10).
 h - a scarf of resistance (worn)
Jewellery
 j - a +2 ring of evasion (right hand)
 k - a +2 ring of evasion (left hand)
Wands
 l - a wand of iceblast (10)
 t - a wand of polymorph (5)
Scrolls
 n - 4 scrolls of blinking
 p - 2 scrolls of identify
 q - 2 scrolls of enchant armour
Potions
 i - 6 potions of curing
 m - 5 potions of might
 o - 2 potions of resistance
 r - a potion of haste


   Skills:
 + Level 19.0 Fighting
 * Level 25.5 Polearms
 + Level 19.0 Armour
 - Level 3.6 Shields


You had 11 spell levels left.
You didn't know any spells.
Your spell library was empty.

Dungeon Overview and Level Annotations

Branches:
Dungeon (1/1)

Altars:
Cheibriados
Dithmenos
Elyvilon
Fedhas
Gozag
Hepliaklqana
Kikubaaqudgha
Makhleb
Nemelex Xobeh
Okawaru
Qazlal
Ru
Sif Muna
Trog
Uskayaw
Vehumet
Wu Jian
Xom
Yredelemnul
Zin
The Shining One
Jiyva
Lugonu

Shops:
D [([(([[(*


Innate Abilities, Weirdness & Mutations

You have a pair of horns on your head.
You reflexively headbutt those who attack you in melee.


Message History

You hear two shouts!
You slice the fire giant!! You headbutt the fire giant.
You kill the fire giant!
The liquid fire burns you!
* * * LOW HITPOINT WARNING * * *
An ettin comes into view. It is wielding two +0 dire flails.
Your Fighting skill increases to level 19!
Your Armour skill increases to level 19!
You feel better. The liquid fire burns you!
* * * LOW HITPOINT WARNING * * *
The cyclops is distracted by your dazzling golden aura.
The rakshasa weaves an illusion.
The ettin shimmers and seems to become two!
You are confused.
You feel invigorated. The liquid fire burns you!
* * * LOW HITPOINT WARNING * * *
The boggart gestures wildly while chanting.
The boggart blinks!
The rakshasa is distracted by your dazzling golden aura.
You shake off some of the fire as you move.
The liquid fire burns you!
* * * LOW HITPOINT WARNING * * *
The rakshasa is no longer distracted by gold.
The boggart mumbles some strange words.
There is an open door to the Dungeon, spattered with blood here.
You bump into the unnaturally hard rock wall.
The liquid fire burns you!
* * * LOW HITPOINT WARNING * * *
The cyclops is no longer distracted by gold.
The boggart mumbles some strange words.
The boggart blinks!
The rakshasa weaves an illusion.
The ettin shimmers and seems to become two!
The rat barely misses you.
You bump into the unnaturally hard rock wall.
The liquid fire burns you!
You die...
Your body crumbles into a pile of gold.

▓_▓.▓.▓.▓.▓.▓.▓
▓_▓.▓.▓.▓.▓.▓.▓
▓_▓.▓.▓.▓.▓.▓.▓
▓_▓.▓.▓.▓.▓.▓g▓
▓_▓.▓.▓.▓.▓.▓.▓
▓_▓.▓.▓.▓.▓)▓.▓
▓_▓.▓.▓.▓'▓.▓$▓
▓'▓.▓'▓.▓)▓.▓.▓
▓!▓.▓.▓.▓?▓.▓@▓
▓?▓.▓.▓.▓.▓.▓r▓
▓)▓.▓.▓.▓.▓.▓$▓
▓[▓.▓.▓.▓.▓.▓C▓
▓[▓.▓.▓.▓∩▓.▓R▓
▓.▓.▓.▓.▓.▓.▓g▓
▓.▓.▓.▓.▓∩▓.▓C▓
▓.▓.▓.▓.▓.▓.▓C▓
▓.▓.▓!▓.▓∩▓.▓.▓


You could see 2 ettins, a rakshasa, a cyclops (unaware), a boggart, a hobgoblin
(summoned) and a rat (summoned).

Vanquished Creatures
  A fire giant (D)
  A catoblepas (D)
  5 centaur warriors (D)
  A hydra (D)
  A boulder beetle (D)
  4 orc high priests (D)
  2 deep elf pyromancers (D)
  A cyclops (D)
  2 orc knights (D)
  Joseph (D)
  2 cane toads (D)
  An unseen horror (D)
  A rime drake (D)
  6 komodo dragons (D)
  A polar bear (D)
  2 tyrant leeches (D)
  3 blink frogs (D)
  A slime creature (D)
  2 wyverns (D)
  A wraith (D)
  Eustachio (D)
  2 basilisks (D)
  A yak (D)
  Grum (D)
  A steam dragon (D)
  A vampire mosquito (D)
  2 water moccasins (D)
  9 orc warriors (D)
  A black bear (D)
  An ogre (D)
  4 wolves (D)
  3 bullfrogs (D)
  A scorpion (D)
  2 wights (D)
  A howler monkey (D)
  A bombardier beetle (D)
  12 orc priests (D)
  An iguana (D)
  6 orc wizards (D)
  5 orcs (D)
  A ball python (D)
  A bat (D)
  A goblin (D)
  A hobgoblin (D)
  A rat (D)
100 creatures vanquished.

Notes
Turn   | Place    | Note
-------+----------+-------------------------------------------
     0 | D        | Heoruswealwe the Minotaur Fighter began the quest for the
                  | Orb.
     0 | D        | Reached XP level 1. HP: 19/19 MP: 0/0
     7 | D        | Reached skill level 3 in Polearms
    19 | D        | Noticed a howler monkey
    19 | D        | Noticed a scorpion
    19 | D        | Noticed a bombardier beetle
    19 | D        | Noticed an ogre
    19 | D        | Noticed an iguana
    23 | D        | Killed a howler monkey
    24 | D        | Reached skill level 5 in Fighting
    24 | D        | Reached skill level 6 in Polearms
    24 | D        | Reached skill level 5 in Armour
    24 | D        | Reached XP level 2. HP: 28/29 MP: 1/1
    24 | D        | Reached XP level 3. HP: 35/36 MP: 2/2
    28 | D        | Killed a scorpion
    29 | D        | Reached skill level 7 in Polearms
    29 | D        | Reached XP level 4. HP: 36/45 MP: 3/3
    37 | D        | Reached skill level 8 in Polearms
    41 | D        | Killed an ogre
    42 | D        | Reached skill level 10 in Polearms
    42 | D        | Reached XP level 5. HP: 22/53 MP: 4/4
    51 | D        | Found a snail-covered altar of Cheibriados.
    51 | D        | Found a shadowy altar of Dithmenos.
    51 | D        | Found a white marble altar of Elyvilon.
    51 | D        | Found a blossoming altar of Fedhas.
    51 | D        | Found an opulent altar of Gozag.
    52 | D        | Found a hazy altar of Hepliaklqana.
    53 | D        | Found a viscous altar of Jiyva.
    54 | D        | Found an ancient bone altar of Kikubaaqudgha.
    55 | D        | Found a corrupted altar of Lugonu.
    56 | D        | Found a burning altar of Makhleb.
    57 | D        | Found a sparkling altar of Nemelex Xobeh.
    58 | D        | Found an iron altar of Okawaru.
    59 | D        | Became a worshipper of Gozag Ym Sagoz the Greedy
    60 | D        | Found a stormy altar of Qazlal.
    61 | D        | Found a sacrificial altar of Ru.
    62 | D        | Found a shimmering blue altar of Sif Muna.
    63 | D        | Found a bloodstained altar of Trog.
    64 | D        | Found a hide-covered altar of Uskayaw.
    65 | D        | Found a radiant altar of Vehumet.
    66 | D        | Found an ornate altar of the Wu Jian Council.
    67 | D        | Found a shimmering altar of Xom.
    68 | D        | Found a basalt altar of Yredelemnul.
    69 | D        | Found a glowing silver altar of Zin.
    70 | D        | Found a glowing golden altar of the Shining One.
   178 | D        | Noticed a yak
   178 | D        | Noticed a steam dragon
   178 | D        | Noticed a wraith
   181 | D        | Killed a yak
   182 | D        | Reached skill level 11 in Polearms
   182 | D        | Reached XP level 6. HP: 63/63 MP: 5/5
   183 | D        | Killed a steam dragon
   184 | D        | Reached skill level 12 in Polearms
   188 | D        | Killed a wraith
   189 | D        | Reached skill level 10 in Fighting
   189 | D        | Reached skill level 13 in Polearms
   189 | D        | Reached skill level 10 in Armour
   189 | D        | Reached XP level 7. HP: 72/72 MP: 6/6
   196 | D        | Killed an unseen horror
   197 | D        | Reached skill level 14 in Polearms
   239 | D        | Noticed a cyclops
   239 | D        | Noticed a slime creature
   239 | D        | Noticed a basilisk
   239 | D        | Noticed a boulder beetle
   239 | D        | Noticed a centaur warrior
   239 | D        | Noticed a basilisk
   243 | D        | Killed a cyclops
   244 | D        | Reached skill level 15 in Polearms
   244 | D        | Reached XP level 8. HP: 65/83 MP: 7/7
   246 | D        | Killed a slime creature
   247 | D        | Reached skill level 16 in Polearms
   261 | D        | Killed a boulder beetle
   262 | D        | Reached skill level 17 in Polearms
   262 | D        | Reached XP level 9. HP: 60/92 MP: 8/8
   273 | D        | Killed a centaur warrior
   274 | D        | Reached skill level 18 in Polearms
   578 | D        | Noticed a komodo dragon
   578 | D        | Noticed a polar bear
   580 | D        | Noticed a komodo dragon
   585 | D        | Noticed a komodo dragon
   590 | D        | Killed a komodo dragon
   595 | D        | Reached skill level 19 in Polearms
   598 | D        | Killed a polar bear
   601 | D        | Killed a komodo dragon
   602 | D        | Reached XP level 10. HP: 78/104 MP: 9/9
   733 | D        | Noticed a catoblepas
   733 | D        | Noticed a six-headed hydra
   737 | D        | Reached skill level 20 in Polearms
   769 | D        | Killed a catoblepas
   770 | D        | Reached skill level 15 in Fighting
   770 | D        | Reached skill level 15 in Armour
   776 | D        | Killed a 12-headed hydra
  1045 | D        | Reached skill level 21 in Polearms
  1071 | D        | Noticed a cane toad
  1073 | D        | Noticed a cane toad
  1093 | D        | Killed a cane toad
  1094 | D        | Reached skill level 22 in Polearms
  1094 | D        | Reached XP level 11. HP: 75/115 MP: 10/10
  1223 | D        | Noticed Grum
  1233 | D        | Killed Grum
  1313 | D        | Noticed Joseph
  1324 | D        | Killed Joseph
  1571 | D        | Noticed an orc knight
  1571 | D        | Noticed an orc high priest
  1588 | D        | Killed an orc knight
  1589 | D        | Reached skill level 23 in Polearms
  1613 | D        | Noticed a sixfirhy
  1614 | D        | Killed an orc high priest
  1819 | D        | Noticed an orc knight
  1837 | D        | Killed an orc knight
  2101 | D        | Found Sixehiy's Antique Armour Emporium.
  2101 | D        | Noticed an orc high priest
  2104 | D        | Killed an orc high priest
  2129 | D        | Noticed an orc high priest
  2141 | D        | Killed an orc high priest
  2142 | D        | Reached skill level 24 in Polearms
  2222 | D        | Found Plog's Weapon Shoppe.
  2226 | D        | Found Paefad's Armour Emporium.
  2230 | D        | Found Masm's Antique Weapon Shoppe.
  2234 | D        | Noticed an orc high priest
  2261 | D        | Killed an orc high priest
  2478 | D        | Bought a glowing scarf for 216 gold pieces
  2482 | D        | Bought a +0 tower shield for 49 gold pieces
  2526 | D        | Bought a +1 pair of gloves of strength for 214 gold pieces
  2570 | D        | Bought the +3 hat of Pondering {ponderous, Will+ MP+10
                  | Int+5} for 495 gold pieces
  2570 | D        | Found the +3 hat of Pondering {ponderous, Will+ MP+10
                  | Int+5}
  2644 | D        | Bought a short bronze wand for 124 gold pieces
  2644 | D        | Bought an inky potion for 27 gold pieces
  2644 | D        | Bought a potion of might for 124 gold pieces
  2644 | D        | Bought a scroll of identify for 62 gold pieces
  2644 | D        | Bought a scroll labelled AGOSOU VOMASK for 31 gold pieces
  2644 | D        | Bought a lumpy green potion for 27 gold pieces
  2724 | D        | Noticed Eustachio
  2729 | D        | Killed Eustachio
  2865 | D        | Got the +2 pair of boots of Gravitas {Str+2}
  2903 | D        | Noticed a centaur warrior
  2903 | D        | Noticed a centaur warrior
  2903 | D        | Noticed a deep elf pyromancer
  2903 | D        | Noticed a centaur warrior
  2903 | D        | Noticed a centaur warrior
  2904 | D        | Noticed a deep elf pyromancer
  2908 | D        | Killed a centaur warrior
  2914 | D        | Killed a centaur warrior
  2918 | D        | Noticed a rakshasa
  2919 | D        | Killed a deep elf pyromancer
  2924 | D        | Killed a centaur warrior
  2925 | D        | Reached skill level 25 in Polearms
  2925 | D        | Reached XP level 12. HP: 50/128 MP: 11/11
  2928 | D        | Noticed a fire giant
  2939 | D        | Killed a centaur warrior
  2946 | D        | HP: 3/129 [fire giant/fireball (17)]
  2947 | D        | Killed a fire giant
  2947 | D        | Noticed an ettin
  2950 | D        | HP: 1/130 [burnt (4)]
  2952 | D        | Incinerated by a deep elf pyromancer

Illustrated notes

Levels and vault maps discovered:
D:        linesprint [early_d, line_temple, items_1, d_10, items_2, lair_1,
          lair_end, items_3, orc_1, orc_end, items_4, d_15, swamp_1, shoals_1,
          snake_1, spider_1, d_20, vaults_1, items_5, swamp_end, shoals_end,
          snake_end, spider_end, vaults_end, d_27, items_6, zot_1, zot_end,
          crypt_end, forest_end, elf_end, slime_end, tomb_end, abyss_end,
          pan_hell_end]

Skill      XL: |  1  2  3  4  5  6  7  8  9 10 11 12 |
---------------+-------------------------------------+-----
Polearms       | 6 7 10 11 13 15 17 19 22 25 | 25.5
Fighting       | 5 6 7 9 10 11 12 14 16 18 19 | 19.0
Armour         | 5 6 7 9 10 11 12 14 16 18 19 | 19.0
Shields        | |  3.6

Action                     |  1- 3 |  4- 6 |  7- 9 | 10-12 || total
---------------------------+-------+-------+-------+-------++-------
  Melee: Trident           |    18 |    16 |       |       ||    34
         Headbutt          |     2 |     6 |    12 |    48 ||    68
         Halberd           |       |    10 |    57 |   189 ||   256
         Bardiche          |       |       |       |    63 ||    63
 Invoke: Call Merchant     |       |       |       |     5 ||     5
    Use: Potion            |       |       |       |    10 ||    10
         Scroll            |       |       |       |     7 ||     7
   Stab: Distracted        |       |       |       |     2 ||     2
 Armour: Scale mail        |     5 |     5 |       |       ||    10
         Chain mail        |       |     1 |    33 |    56 ||    90
         Plate armour      |       |       |       |    84 ||    84
  Dodge: Dodged            |     8 |     9 |    15 |    79 ||   111
  Block: Buckler           |     2 |     2 |       |       ||     4
